 Dungeon Crawl Stone Soup version 0.24-a0-368-g0e0cebd0f3 (webtiles) character file.

Game seed: 10430454914744415761

5674 Napalmbreeze the Protected (level 10, -5/84 (85) HPs)
             Began as a Barachi Berserker on May 29, 2019.
             Was a High Priest of Trog.
             Slain by a sixfirhy (9 damage)
             ... on level 2 of the Abyss.
             The game lasted 00:23:07 (9587 turns).

Napalmbreeze the Protected (Barachi Berserker)      Turns: 9587, Time: 00:23:08

HP:   -5/84 (85)    AC: 17    Str: 23    XL:     10   Next: 75%
MP:   10/10         EV: 11    Int:  9    God:    Trog [*****.]
Gold: 89            SH:  5    Dex: 13    Spells: 9/9 levels left

rFire    . . .     SeeInvis .   I - +1 long sword (slice)
rCold    + . .     Gourm    .   y - +0 buckler
rNeg     . . .     Faith    +   k - +1 chain mail
rPois    .         Spirit   .   (no helmet)
rElec    .         Reflect  .   b - +0 cloak
rCorr    .         Harm     .   (no gloves)
MR       +....     Rnd*Rage +   H - +0 pair of boots
Stlth    ..........             J - amulet of faith
HPRegen  0.24/turn              i - ring "Ciedon" {Ice *Corrode MR+ Dex+2}
MPRegen  0.12/turn              (no ring)

@: about to teleport, can't hop, studying Armour, slow
A: +LOS, swims, rugged brown scales 1, berserk 1, fire resistance 1, slowness 1,
strong 1, strong legs 1
a: Hop, Berserk, Trog's Hand, Brothers in Arms, Renounce Religion


You were on level 2 of the Abyss.
You worshipped Trog.
Trog was extremely pleased with you.
You were not hungry.

You visited 2 branches of the dungeon, and saw 9 of its levels.
You visited the Abyss 1 time.
You also visited: Sewer and Ossuary.

You collected 423 gold pieces.
You spent 334 gold pieces at shops.

Inventory:

Hand Weapons
 G - a +2 long sword of distortion
 I - a +1 long sword of slicing (weapon)
 L - a +1 long sword of holy wrath
Armour
 b - a +0 cloak (worn)
 k - a +1 chain mail (worn)
 y - a +0 buckler (worn)
 C - a +0 plate armour
 H - a +0 pair of boots (worn)
Jewellery
 i - the ring "Ciedon" (left hand) {Ice *Corrode MR+ Dex+2}
   (You found it on level 7 of the Dungeon)

   [ring of ice]

   It enhances your ice magic.
   It affects your dexterity (+2).
   It makes you vulnerable to fire.
   It protects you from cold.
   It affects your resistance to hostile enchantments.
   It may corrode you when you take damage.
 J - an amulet of faith (around neck)
Wands
 a - a wand of flame (20)
 x - a wand of polymorph (9)
 F - a wand of disintegration (22)
 K - a wand of random effects (16)
Scrolls
 e - a scroll of fog
 h - 4 scrolls of enchant armour
 l - 2 scrolls of teleportation
 n - 4 scrolls of remove curse
 o - 3 scrolls of blinking {unknown}
 r - 3 scrolls of identify
 w - 2 scrolls of immolation {unknown}
 A - a scroll of acquirement {unknown}
 D - 2 scrolls of enchant weapon {unknown}
 E - a scroll of magic mapping
Potions
 d - 2 potions of haste {unknown}
 f - a potion of cancellation {unknown}
 g - a potion of mutation
 m - 4 potions of curing {unknown}
 p - a potion of degeneration {unknown}
 q - 7 potions of brilliance {unknown}
 s - 4 potions of heal wounds {unknown}
 t - 4 potions of might {unknown}
 u - 3 potions of flight {unknown}
 v - 2 potions of magic {unknown}
 z - a potion of invisibility {unknown}
Books
 B - a manual of Armour
Comestibles
 c - 19 rations


   Skills:
 + Level 9.2 Fighting
 + Level 9.6 Long Blades
   Level 5.7 Axes
 * Level 13.1 Armour
 - Level 4.4 Dodging
 - Level 4.1 Shields


You had 9 spell levels left.
You didn't know any spells.
Your spell library was empty.

Dungeon Overview and Level Annotations

Branches:
Dungeon (8/15)             Temple (1/1) D:5
   Lair: D:8-11

Altars:
Ashenzari
Cheibriados
Dithmenos
Elyvilon
Fedhas
Gozag
Hepliaklqana
Kikubaaqudgha
Makhleb
Nemelex Xobeh
Okawaru
Qazlal
Ru
Sif Muna
Trog
Uskayaw
Vehumet
Wu Jian
Xom
Yredelemnul
Zin
The Shining One

Shops:
D:4 *   D:7 *   D:8 (

Annotations:
D:5 2 transporters


Innate Abilities, Weirdness & Mutations

Shadows flee at your approach. (+LOS)
You can swim through water.
You cover ground slowly.
You can hop short distances.
You are partially covered in rugged brown scales. (AC +1, +3% HP)
You tend to lose your temper in combat.
Your flesh is heat resistant. (rF+)
Your muscles are strong. (Str +2)


Message History

Press: ? - help, Dir - move target cursor Boing!
As you read the scroll of teleportation, it crumbles to dust.
You feel strangely unstable.
You feel the power of the Abyss delaying your translocation!
The sixfirhy hits you! The sixfirhy shocks you!
The sixfirhy hits you but does no damage.
A large abomination comes into view.
The sixfirhy hits you. The sixfirhy shocks you!
The sixfirhy hits you but does no damage.
The sixfirhy hits you! The sixfirhy shocks you!
* * * LOW HITPOINT WARNING * * *
The sixfirhy hits you.
* * * LOW HITPOINT WARNING * * *
The sixfirhy shocks you!
* * * LOW HITPOINT WARNING * * *
The sixfirhy hits you.
* * * LOW HITPOINT WARNING * * *
The sixfirhy shocks you!
You die...

.# ..#.
..##..### #
####..##. #
##.....# #
##..#...### #
..#........#
#..#.#.####
###.#..#.##...
#....3.....#
##..#@#....X#
#..#.##.##.....
#.###. .# ....
## ## .# .#. .#
.. .. . #.


You could see a sixfirhy.

Vanquished Creatures
  A two-headed ogre (D:8)
  The ghost of anet the Magician, an amateur DEWz (D:4)
  A wraith (Ossuary)
  4 hogs (D:7)
  2 hungry ghosts (D:8)
  A human (D:7)
  A water moccasin (D:7)
  A sky beast (D:6)
  An ice beast (D:7)
  2 necrophages
  7 ogres
  2 centaurs (D:7)
  3 bullfrogs
  A gnoll sergeant (D:6)
  2 scorpions (D:6)
  5 wights (D:8)
  3 howler monkeys
  3 centaur zombies
  2 crimson imps
  A human zombie (Ossuary)
  2 hounds
  3 orc priests
  A centaur skeleton (D:4)
  6 orc wizards
  3 iguanas
  Natasha (thrice) (D:4)
  6 worker ants
  2 hound zombies
  2 hound skeletons
  3 mummies (Ossuary)
  17 gnolls
  11 adders
  2 shadow imps
  6 oozes (Sewer)
  2 adder zombies
  A worm (D:4)
  17 leopard geckos
  26 orcs
  6 ball pythons (Sewer)
  5 bats
  23 giant cockroaches
  10 goblins
  6 hobgoblins
  18 jackals
  3 quokkas
  11 frilled lizards
  A gnoll zombie (Ossuary)
  A goblin zombie (Ossuary)
  3 hobgoblin zombies (Ossuary)
  3 kobolds
  A kobold zombie (Ossuary)
  An orc zombie (Ossuary)
  A quokka skeleton (D:4)
  6 rats
256 creatures vanquished.

Vanquished Creatures (others)
  Prince Ribbit (D:5)
  2 sky beasts
  An ice beast (D:7)
  A centaur (D:7)
  A bullfrog (D:6)
  A hound (D:7)
  An orc wizard (D:8)
  A jelly (D:8)
  A gnoll (D:7)
10 creatures vanquished.

Grand Total: 266 creatures vanquished

Notes
Turn   | Place    | Note
-------+----------+-------------------------------------------
     0 | D:1      | Napalmbreeze the Barachi Berserker began the quest for the
                  | Orb.
     0 | D:1      | Reached XP level 1. HP: 18/18 MP: 1/1
   857 | D:1      | Reached XP level 2. HP: 22/25 MP: 2/2
  1130 | D:2      | Reached XP level 3. HP: 30/30 MP: 3/3
  1723 | D:3      | Reached skill level 3 in Armour
  1955 | D:3      | Reached XP level 4. HP: 26/38 MP: 4/4
  1957 | D:3      | Gained mutation: Your muscles are strong. (Str +2) [potion
                  | of mutation]
  1957 | D:3      | Gained mutation: You are partially covered in rugged brown
                  | scales. (AC +1, +3% HP) [potion of mutation]
  1957 | D:3      | Gained mutation: You tend to lose your temper in combat.
                  | [potion of mutation]
  1957 | D:3      | Gained mutation: Your flesh is heat resistant. (rF+)
                  | [potion of mutation]
  2365 | D:3      | Reached ** piety under Trog
  2650 | D:3      | Reached skill level 5 in Fighting
  2912 | D:4      | Reached XP level 5. HP: 37/45 MP: 5/5
  3022 | D:4      | Found a glowing drain.
  3037 | Sewer    | Entered a sewer
  3168 | Sewer    | Reached *** piety under Trog
  3251 | Sewer    | Reached XP level 6. HP: 40/52 MP: 6/6
  3289 | Sewer    | Reached skill level 4 in Armour
  3370 | D:4      | Noticed Natasha
  3386 | D:4      | Killed Natasha
  3395 | D:4      | Found a sand-covered staircase.
  3402 | Ossuary  | Entered an ossuary
  3402 | Ossuary  | Noticed a wraith
  3402 | Ossuary  | Noticed a wraith
  3402 | Ossuary  | Noticed a wraith
  3912 | Ossuary  | Noticed a wraith
  3922 | Ossuary  | Killed a wraith
  3922 | Ossuary  | Reached XP level 7. HP: 56/60 MP: 7/7
  4414 | D:4      | Reached skill level 5 in Axes
  4533 | D:4      | Noticed Natasha
  4542 | D:4      | Killed Natasha
  4658 | D:4      | Found Liatwini's Assorted Antiques.
  4665 | D:4      | Bought a bubbling green potion for 21 gold pieces
  4665 | D:4      | Bought a scroll labeled TENUDI SUZURY for 24 gold pieces
  4812 | D:4      | Reached skill level 5 in Armour
  4888 | D:4      | Found a runed translucent door.
  4890 | D:4      | Noticed anet's ghost (amateur DEWz)
  4899 | D:4      | Killed anet's ghost
  4899 | D:4      | Reached XP level 8. HP: 69/69 MP: 8/8
  4964 | D:4      | Noticed Natasha
  4973 | D:4      | Killed Natasha
  5085 | D:5      | Entered Level 5 of the Dungeon
  5095 | D:5      | Reached **** piety under Trog
  5356 | D:5      | Found a transporter.
  5400 | D:5      | Found a transporter.
  5631 | D:5      | Reached skill level 6 in Armour
  5945 | D:5      | Noticed Prince Ribbit
  5977 | D:5      | Killed Prince Ribbit
  5977 | D:5      | Reached skill level 7 in Armour
  6047 | D:5      | Reached skill level 8 in Armour
  6093 | D:5      | Found a staircase to the Ecumenical Temple.
  6326 | Temple   | Entered the Ecumenical Temple
  6486 | D:6      | Found a glowing golden altar of the Shining One.
  6498 | D:6      | Reached XP level 9. HP: 74/74 MP: 9/9
  6585 | D:4      | Bought a glowing long sword for 156 gold pieces
  6718 | D:6      | Reached skill level 1 in Long Blades
  7402 | D:6      | Reached skill level 5 in Long Blades
  7904 | D:7      | Found Rukhary's General Store.
  8187 | D:7      | Reached skill level 9 in Armour
  8193 | D:7      | Reached ***** piety under Trog
  8193 | D:7      | Reached skill level 10 in Armour
  8193 | D:7      | Reached XP level 10. HP: 60/81 MP: 10/10
  8332 | D:7      | Got a clouded turquoise ring
  8777 | D:8      | Reached skill level 11 in Armour
  8912 | D:8      | Identified the ring "Ciedon" {Ice *Corrode MR+ Dex+2} (You
                  | found it on level 7 of the Dungeon)
  8946 | D:8      | Reached skill level 12 in Armour
  9009 | D:8      | Noticed a two-headed ogre
  9014 | D:8      | Killed a two-headed ogre
  9183 | D:8      | Reached skill level 13 in Armour
  9404 | D:8      | Found Hooheyni's Weapon Emporium.
  9409 | D:8      | Bought a +1 long sword of holy wrath for 133 gold pieces
  9490 | D:8      | Cast into level 2 of the Abyss (a distortion unwield)
  9538 | Abyss:2  | Found a roughly hewn altar of Beogh.
  9573 | Abyss:2  | Noticed a sixfirhy
  9576 | Abyss:2  | Noticed a kobold demonologist
  9585 | Abyss:2  | Noticed a large abomination
  9587 | Abyss:2  | HP: 4/84 [sixfirhy (1)]
  9587 | Abyss:2  | Slain by a sixfirhy

Levels and vault maps discovered:
D:1:      evilmike_arrival_hilbert_curve, layout_loops_corners
D:2:      layout_loops_cross
D:3:      layout_loops_ring
D:4:      layout_loops_ring, chequers_ossuary_entry_cave, gammafunk_ghost_grave,
          gup_sewer_entry_pipe, serial_shops, shop, serial_bayou_lagoon_b,
          uniq_natasha
D:5:      gammafunk_steamed_eel, layout_loops_ring, lemuel_temple_firewalk_b,
          first_ration, kennysheep_generic_room_15, uniq_prince_ribbit1
D:6:      layout_loops_corners, overflow_temple_1_default, hex_large,
          minmay_manual_moon
D:7:      layout_basic, serial_shops, shop, grunt_livestock,
          minmay_misc_feat_four_crosses
D:8:      layout_basic, serial_shops, shop, hangedman_decor_opposing,
          minmay_between
Temple:   grunt_wide_crystal_templ
Abyss:2

Skill      XL: |  1  2  3  4  5  6  7  8  9 10 |
---------------+-------------------------------+-----
Fighting       | 4 5 6 7 9 |  9.2
Armour         | 3 4 5 8 10 13 | 13.1
Dodging        | 3 4 |  4.4
Axes           | 4 5 |  5.7
Shields        | 2 4 |  4.1
Long Blades    | 8 9 |  9.6

Action                   |  1- 3 |  4- 6 |  7- 9 | 10-12 || total
-------------------------+-------+-------+-------+-------++-------
Melee: Hand axe          |    85 |   317 |   236 |       ||   638
       Long sword        |       |       |   129 |   148 ||   277
Invok: Berserk           |     2 |     5 |    11 |     1 ||    19
       Trog's Hand       |       |       |       |     2 ||     2
 Abil: Hop               |       |       |       |     1 ||     1
  Use: Potion            |       |     1 |       |       ||     1
       Scroll            |       |     5 |     3 |     1 ||     9
  Eat: Chunk             |     6 |    10 |    18 |     9 ||    43
       Ration            |       |     1 |     2 |       ||     3
Armor: Ring mail         |    19 |       |       |       ||    19
       Animal skin       |     3 |       |       |       ||     3
       Chain mail        |    28 |   201 |   180 |    71 ||   480
Dodge: Dodged            |    57 |   163 |   165 |    48 ||   433
Block: Buckler           |       |       |    27 |    27 ||    54
       Rpst.: Long sword |       |       |    17 |    13 ||    30

Table legend:
 A = Non-vault XP
 B = Vault XP
 C = Vault XP percentage of total XP
 D = Non-vault monster count
 E = Vault monster count
 F = Vault count percentage of total count
                 A         B        C        D         E       F
            +---------+---------+-------+---------+---------+-------
      Total |    5690 |    2416 |  29.8 |     189 |      77 |  28.9
            +---------+---------+-------+---------+---------+-------
        D:1 |      10 |       0 |   0.0 |       7 |       0 |   0.0
        D:2 |      52 |       0 |   0.0 |      18 |       0 |   0.0
        D:3 |      96 |       0 |   0.0 |      28 |       0 |   0.0
        D:4 |     295 |     276 |  48.3 |      23 |      10 |  30.3
        D:5 |     763 |     243 |  24.2 |      29 |       2 |   6.5
        D:6 |     758 |     258 |  25.4 |      21 |       6 |  22.2
        D:7 |    1110 |     955 |  46.2 |      30 |       5 |  14.3
        D:8 |    2606 |     148 |   5.4 |      33 |       2 |   5.7
      Sewer |       0 |     220 | 100.0 |       0 |      40 | 100.0
    Ossuary |       0 |     316 | 100.0 |       0 |      12 | 100.0
            +---------+---------+-------+---------+---------+-------
